 Dungeon Sprint DCSS version 0.19-a0-1834-g6b7851e (webtiles) character file.

1726 pasperui the Basher (level 9, -7/101 HPs)
             Began as an Ogre Fighter on Oct 9, 2016.
             Was a Follower of Uskayaw.
             Mangled by a deep troll (21 damage)
             ... in the Dungeon (Sprint I: "Red Sonja").
             The game lasted 00:07:38 (1058 turns).

pasperui the Basher (Ogre Fighter)                  Turns: 1058, Time: 00:07:39

Health: -7/101     AC:  5    Str: 26    XL:     9   Next: 4%
Magic:  12/15      EV: 13    Int:  7    God:    Uskayaw [*.....]
Gold:   358        SH:  0    Dex:  9    Spells: 0 memorised, 8 levels left

rFire  . . .     SeeInvis .     q - +0 great mace (protect)
rCold  . . .     Gourm    .     h - +2 robe {MR+}
rNeg   . . .     Faith    .     (shield currently unavailable)
rPois  .         Spirit   .     (helmet restricted)
rElec  .         Dismiss  .     (no cloak)
rCorr  .         Reflect  .     (gloves unavailable)
MR     +....     Harm     .     (boots unavailable)
Stlth  +......... NoTele   +    (no amulet)
                                (no ring)
                                (no ring)

@: no status effects
A: unfitting armour, tough skin 1
a: Stomp, Renounce Religion


You were in the Dungeon.
You worshipped Uskayaw.
Uskayaw was aware of your devotion.
You were not hungry.

You visited 1 branch You collected 513 gold pieces.
You spent 155 gold pieces at shops.

Inventory:

Hand Weapons
 a - a +0 flail
 d - a +0 blowgun
 j - a +0 giant club
 m - a +0 scythe
 q - a +0 great mace of protection (weapon)
Missiles
 e - 8 curare-tipped needles
 p - 16 stones (quivered)
Armour
 b - a +0 robe
 c - a +0 shield
 h - a +2 robe of magic resistance (worn)
Scrolls
 k - a scroll of blinking
Potions
 g - a potion of heal wounds
 i - 2 potions of magic
Books
 o - a book of Minor Magic

   Spells                             Type                      Level
   a - Magic Dart                     Conjuration                  1
   b - Blink                          Translocation                2
   c - Call Imp                       Summoning                    2
   d - Repel Missiles                 Charms/Air                   2
   e - Slow                           Hexes                        2
   f - Conjure Flame                  Conjuration/Fire             3
   g - Mephitic Cloud                 Conjuration/Poison/Air       3
Comestibles
 n - a meat ration


   Skills:
 - Level 10.2 Fighting
 * Level 13.4 Maces & Flails
 - Level 9.0 Throwing
 - Level 8.9 Dodging
 - Level 2.6 Shields
 - Level 8.8 Invocations


You had 8 spell levels left.
You didn't know any spells.

Dungeon Overview and Level Annotations

Branches:
Dungeon (1/1)

Altars:
Cheibriados
Dithmenos
Elyvilon
Fedhas
Gozag
Hepliaklqana
Kikubaaqudgha
Makhleb
Nemelex Xobeh
Okawaru
Qazlal
Ru
Sif Muna
Trog
Uskayaw
Vehumet
Xom
Yredelemnul
Zin
The Shining One
Jiyva
Lugonu

Shops:
D [(


Innate Abilities, Weirdness & Mutations

You are too large for most types of armour.
You have tough skin. (AC +1)


Message History

The deep troll claws you but does no damage.
You barely miss the deep troll.
The deep troll is heavily wounded.
The deep troll bites you but does no damage.
The deep troll claws you!
* * * LOW HITPOINT WARNING * * *
The deep troll claws you.
* * * LOW HITPOINT WARNING * * *
You closely miss the deep troll.
The deep troll is heavily wounded.
The deep troll misses you. The deep troll closely misses you.
The deep troll claws you!
* * * LOW HITPOINT WARNING * * *
Unknown command.
You stomp with the beat, sending a shockwave through the revelers around you!
The deep troll is severely wounded.
You feel somewhat more hungry.
You can no longer pass through a line of other dancers.
The deep troll bites you!!
You die...

#..#####'#####+#__####...+
#..####..#...#.#### #####
#..#__####..##.#
#..#_____##'#..+
#⌠⌠#_.∩...+).._#
####_..__##_.#+#
#_____###'#.#
############.####+###
#∩........'..@T$(.$(+
###++++####...#######
##.## #+#


You could see a deep troll.

Vanquished Creatures
  Sonja (D)
  2 kobold demonologists (D)
  A slime creature (D)
  Sigmund (D)
  A yak (D)
  A floating eye (D)
  An ogre (D)
  A jelly (D)
  Ijyb (D)
10 creatures vanquished.

Notes
Turn   | Place    | Note
-------+----------+-------------------------------------------
     0 | D        | pasperui the Ogre Fighter began the quest for the Orb.
     0 | D        | Reached XP level 1. HP: 24/24 MP: 1/1
     1 | D        | Noticed Ijyb
    27 | D        | Killed Ijyb
    27 | D        | Reached skill level 8 in Maces & Flails
    27 | D        | Reached XP level 2. HP: 6/32 MP: 2/2
    27 | D        | Reached XP level 3. HP: 7/39 MP: 3/3
   369 | D        | Noticed an ogre
   375 | D        | Killed an ogre
   375 | D        | Reached skill level 10 in Fighting
   375 | D        | Reached XP level 4. HP: 61/61 MP: 4/4
   423 | D        | Noticed Sigmund
   433 | D        | Killed Sigmund
   433 | D        | Reached skill level 12 in Maces & Flails
   433 | D        | Reached XP level 5. HP: 42/68 MP: 5/5
   433 | D        | Reached XP level 6. HP: 48/78 MP: 6/6
   563 | D        | Found a deep blue altar of Sif Muna.
   565 | D        | Found a radiant altar of Vehumet.
   570 | D        | Reached skill level 13 in Maces & Flails
   603 | D        | Found Cuvyonn's Antique Weapon Emporium.
   603 | D        | Found an ancient bone altar of Kikubaaqudgha.
   603 | D        | Found a hazy altar of Hepliaklqana.
   603 | D        | Found a stormy altar of Qazlal.
   603 | D        | Found a hide-covered altar of Uskayaw.
   603 | D        | Found a blossoming altar of Fedhas.
   603 | D        | Found a bloodstained altar of Trog.
   603 | D        | Found an iron altar of Okawaru.
   603 | D        | Found a basalt altar of Yredelemnul.
   603 | D        | Found a glowing golden altar of the Shining One.
   603 | D        | Found a snail-covered altar of Cheibriados.
   603 | D        | Found a sacrificial altar of Ru.
   603 | D        | Found a glowing silver altar of Zin.
   603 | D        | Found a shadowy altar of Dithmenos.
   603 | D        | Found a white marble altar of Elyvilon.
   603 | D        | Noticed a yak
   611 | D        | Killed a yak
   612 | D        | Found an opulent altar of Gozag.
   613 | D        | Found a sparkling altar of Nemelex Xobeh.
   617 | D        | Bought a glowing great mace for 143 gold pieces
   631 | D        | Became a worshipper of Uskayaw the Reveler
   643 | D        | Found a burning altar of Makhleb.
   643 | D        | Found a shimmering altar of Xom.
   643 | D        | Noticed a slime creature
   644 | D        | Found a viscous altar of Jiyva.
   644 | D        | Found a corrupted altar of Lugonu.
   646 | D        | Reached * piety under Uskayaw
   648 | D        | Killed a slime creature
   648 | D        | Reached XP level 7. HP: 58/85 MP: 7/7
   648 | D        | Reached ** piety under Uskayaw
   769 | D        | Noticed a kobold demonologist
   770 | D        | Noticed a kobold demonologist
   771 | D        | Paralysed by a floating eye for 4 turns
   780 | D        | Reached *** piety under Uskayaw
   781 | D        | Killed a kobold demonologist
   781 | D        | Reached XP level 8. HP: 68/93 MP: 8/8
   782 | D        | Killed a kobold demonologist
   782 | D        | Reached **** piety under Uskayaw
   879 | D        | Noticed Sonja
   884 | D        | Killed Sonja
   884 | D        | Reached XP level 9. HP: 62/101 MP: 8/15
   907 | D        | Found Beiroc's Antique Armour Boutique.
   915 | D        | Bought an embroidered robe for 12 gold pieces
  1047 | D        | Noticed a deep troll
  1058 | D        | Mangled by a deep troll

Vault maps used:
D:        dungeon_sprint_1

Skill      XL: |  1  2  3  4  5  6  7  8 |
---------------+-------------------------+-----
Maces & Flails | 8 12 13 | 13.4
Fighting       | 10 | 10.2
Throwing       | 9 |  9.0
Dodging        | 7 8 |  8.9
Invocations    | 8 |  8.8
Shields        | |  2.6

Action                   |  1- 3 |  4- 6 |  7- 9 || total
-------------------------+-------+-------+-------++-------
Melee: Flail             |    29 |    19 |       ||    48
       Great mace        |       |     4 |    19 ||    23
Throw: Stone             |       |       |     3 ||     3
Invok: Stomp             |       |       |     1 ||     1
  Use: Potion            |     1 |       |     3 ||     4
 Stab: Paralysed         |       |       |     2 ||     2
  Eat: Bread ration      |       |       |     1 ||     1
Armor: Robe              |     5 |       |    10 ||    15
Dodge: Dodged            |     5 |    11 |    22 ||    38
Block: Shield            |    12 |       |       ||    12
